 Dungeon Crawl Stone Soup version 0.18.1-50-g88ac8fd (webtiles) character file.

265 Korbac the Skirmisher (level 5, -1/47 HPs)
             Began as a Draconian Fighter on Oct 16, 2016.
             Was an Initiate of Okawaru.
             Slain by a slave (3 damage)
             ... led by Pikel
             ... on level 4 of the Dungeon.
             The game lasted 00:17:17 (2869 turns).

Korbac the Skirmisher (Draconian Fighter)           Turns: 2869, Time: 00:17:17

Health: -1/47      AC:  6    Str: 19    XL:     5   Next: 99%
Magic:  5/5        EV:  6    Int: 13    God:    Okawaru [......]
Gold:   129        SH: 10    Dex: 11    Spells: 0 memorised, 4 levels left

rFire  . . .     SeeInvis +     a - +0 war axe
rCold  . . .     Gourm    +     (armour unavailable)
rNeg   + . .     Faith    .     b - +1 shield
rPois  .         Spirit   .     (helmet restricted)
rElec  .         Dismiss  .     (no cloak)
rCorr  .         Reflect  .     (no gloves)
SustAt .         Harm     .     t - +0 pair of boots
MR     .....                    k - amulet of the gourmand
Stlth  +.........               n - ring of positive energy
                                i - ring of see invisible

@: brilliant, not resistant to hostile enchantments, very unstealthy
A: unfitting armour, cold-blooded, AC +5
a: Renounce Religion


You were on level 4 of the Dungeon.
You worshipped Okawaru.
Okawaru was noncommittal.
You were hungry.

You visited 1 branch of the dungeon, and saw 5 of its levels.

You collected 129 gold pieces.

Inventory:

Hand Weapons
 a - a +0 war axe (weapon)
Armour
 b - a +1 shield (worn)
 t - a +0 pair of boots (worn)
Jewellery
 i - a ring of see invisible (left hand)
 k - an amulet of the gourmand (around neck)
 n - a ring of positive energy (right hand)
Wands
 e - a wand of polymorph (14/24)
 m - a wand of digging (18/24)
Scrolls
 h - a scroll of recharging
 j - a scroll of remove curse
 s - a scroll of fog {unknown}
 v - a scroll of immolation {unknown}
Potions
 c - a potion of might
 g - a potion of brilliance
 u - a potion of haste
Books
 q - a book of Annihilations

   Spells                             Type                      Level
   a - Poison Arrow                   Conjuration/Poison           6
   b - Chain Lightning                Conjuration/Air              8
   c - Lehudib's Crystal Spear        Conjuration/Earth            8
   d - Glaciate                       Conjuration/Ice              9
   e - Fire Storm                     Conjuration/Fire             9
Comestibles
 d - a bread ration
 f - 3 meat rations
 o - a beef jerky


   Skills:
 * Level 4.7 Fighting
 * Level 3.1 Axes
 + Level 3.7 Dodging
 * Level 4.5 Shields


You had 4 spell levels left.
You didn't know any spells.

Dungeon Overview and Level Annotations

Branches:
Dungeon (5/15)
 Temple: D:4-7

Altars:
Dithmenos
Elyvilon
Makhleb
Nemelex Xobeh
Okawaru
Pakellas
Trog
Yredelemnul

Annotations:
D:4 Pikel


Innate Abilities, Weirdness & Mutations

Your plain brown scales are hard (AC +5).
Your body does not fit into most forms of armour.
You are cold-blooded and may be slowed by cold attacks.


Message History

Unknown command.
You closely miss the slave.
The slave is lightly wounded.
You hit Pikel but do no damage.
Pikel is lightly wounded.
Pikel hits you with a whip of flaming.
* * * LOW HITPOINT WARNING * * *
Pikel burns you.
* * * LOW HITPOINT WARNING * * *
Pikel completely misses you. The slave closely misses you.
You block Pikel's attack.
Unknown command.
You offer a prayer to Okawaru.
Okawaru is noncommittal.
Put on which piece of jewellery? (? for menu, Esc to quit)
Okay, then.
Okay, then.
The slave shouts!
The slave hits you.
You die...

.... ..... ...#.##.......## #..#
#..####.#.##.##.##.##
#..#####.........##.##..#.#.
#+###..##........#.........#...#
+_+....##.##..##.#..###.#####..#
### #..##.##..##........# ##.#
### #.....p.......†.##### #.#
######.##....#p#####.### ##.#
.............#pp@K.....# #..#
.......##.##.#####.....# #.##
.......p..##...........# #.#
...p...#####...###..p..# #.#
...###.# #.#.# #.....# #.# ...#
#... ...#.# #############.# ...#
#########.# ##...##.# .p.# #.#
#.....#.# ...### #.# #.......#


You could see Pikel and 4 slaves.

Vanquished Creatures
  A giant frog (D:4)
  2 orc wizards
  Robin (D:2)
  An adder (D:3)
  3 gnolls
  4 worms (D:3)
  2 dart slugs (D:2)
  3 giant geckos
  An orc (D:3)
  A ball python (D:1)
  6 giant cockroaches
  14 goblins
  10 hobgoblins
  A quokka (D:2)
  4 bats (D:1)
  5 giant newts
  7 kobolds
  13 rats
79 creatures vanquished.

Notes
Turn   | Place    | Note
--------------------------------------------------------------
     0 | D:1      | Korbac the Draconian Fighter began the quest for the Orb.
     0 | D:1      | Reached XP level 1. HP: 19/19 MP: 1/1
   105 | D:1      | Reached XP level 2. HP: 25/26 MP: 2/2
   761 | D:1      | Reached XP level 3. HP: 31/33 MP: 3/3
   921 | D:2      | Noticed Robin
   925 | D:2      | Killed Robin
  1029 | D:2      | Found a sparkling altar of Nemelex Xobeh.
  1113 | D:2      | Reached XP level 4. HP: 38/40 MP: 4/4
  1172 | D:2      | Found a shadowy altar of Dithmenos.
  1584 | D:3      | Found a bloodstained altar of Trog.
  1841 | D:3      | Found a white marble altar of Elyvilon.
  1931 | D:3      | Found an iron altar of Okawaru.
  1955 | D:3      | Reached XP level 5. HP: 18/47 MP: 5/5
  2173 | D:3      | Became a worshipper of Warmaster Okawaru
  2460 | D:3      | Found a basalt altar of Yredelemnul.
  2513 | D:3      | Found an oddly glowing altar of Pakellas.
  2686 | D:4      | Found a burning altar of Makhleb.
  2824 | D:4      | Noticed a slave
  2825 | D:4      | Noticed Pikel
  2826 | D:4      | Noticed a slave
  2828 | D:4      | Noticed a slave
  2840 | D:4      | Noticed a slave
  2856 | D:5      | Entered Level 5 of the Dungeon
  2868 | D:4      | HP: 2/47 [Pikel/whip of flaming (1)]
  2869 | D:4      | Slain by a slave

Skill      XL: |  1  2  3  4  5 |
---------------+----------------+-----
Dodging        | 3 |  3.7
Shields        | 4 |  4.5
Fighting       | 4 |  4.7
Axes           | 3 |  3.1

Action                   |  1- 3 |  4- 6 || total
-------------------------+-------+-------++-------
Melee: War axe           |   100 |   110 ||   210
       Tailslap          |    11 |    11 ||    22
       Unarmed           |       |     9 ||     9
Evoke: Wand              |       |     1 ||     1
  Use: Scroll            |     2 |     8 ||    10
       Potion            |       |     4 ||     4
 Stab: Sleeping          |     1 |       ||     1
       Confused          |       |     2 ||     2
  Eat: Bread ration      |     1 |       ||     1
       Pizza             |       |     1 ||     1
Armor: Skin              |    28 |    30 ||    58
Dodge: Dodged            |    46 |    67 ||   113
Block: Shield            |    63 |    66 ||   129
